 Dungeon Crawl Stone Soup version 0.32-a0-909-gc671339a80 (webtiles) character file.

Game seed: 18320152808164715411

943 Biggs the Skirmisher (level 8, -2/49 (57) HPs)
             Began as a Coglin Hunter on Apr 7, 2024.
             Slain by an orc
             ... wielding a +0 trident
              (3 damage)
             ... on level 5 of the Dungeon.
             The game lasted 00:08:48 (3444 turns).

Biggs the Skirmisher (Coglin Hunter)                Turns: 3444, Time: 00:08:49

HP:   -2/49 (57)    AC:  4    Str: 10 (11) XL:     8   Next: 12%
MP:   8/8           EV: 11    Int:  9 (10) God:
Gold: 373           SH:  0    Dex: 19      Spells: 7/7 levels left

rFire   . . .        a - +2 sling {Ajinder}
rCold   . . .        d - +0 sling {Londisizwe}
rNeg    . . .        c - +0 leather armour
rPois   .            (no helmet)
rElec   .            (no cloak)
rCorr   .            (no gloves)
SInv    .            e - +0 pair of boots
Will    .....        (amulet unavailable)
Stlth   ++           (ring unavailable)
HPRegen 0.28/turn    (ring unavailable)
MPRegen 0.11/turn    (no gizmo)

%: no passive effects
@: heavily drained, revved
A: off-hand wielding, slow wielding, warmup strikes, no jewellery
a: Invent Gizmo


You were on level 5 of the Dungeon.
You visited 1 branch of the dungeon, and saw 5 of its levels.

You collected 373 gold pieces.

Inventory:

Hand Weapons
 a - a +2 sling (weapon) {Ajinder}
 d - a +0 sling (offhand) {Londisizwe}
Armour
 c - a +0 leather armour (worn)
 e - a +0 pair of boots (worn)
Scrolls
 b - a scroll of butterflies
 g - a scroll of revelation {unknown}
 j - a scroll of fog {unknown}
 l - a scroll of acquirement {unknown}
 n - a scroll of immolation {unknown}
 o - 5 scrolls of identify {unknown}
 p - 2 scrolls of enchant armour {unknown}
 q - 3 scrolls of teleportation {unknown}
 u - a scroll of poison {unknown}
Potions
 f - 2 potions of curing {unknown}
 h - a potion of magic {unknown}
 i - a potion of lignification
 k - a potion of attraction
 m - 2 potions of haste
 r - a potion of degeneration
 t - a potion of mutation {unknown}


   Skills:
 + Level 2.7 Fighting
 - Level 9.0 Ranged Weapons
 - Level 1.7 Dodging
 - Level 0.7 Stealth


You had 7 spell levels left.
You didn't know any spells.
Your spell library contained the following spells:

 Spells                   Type           Power      Damage    Failure   Level
 Leda's Liquefaction      Alch/Erth      0%         N/A       99%         4
 Petrify                  Alch/Erth      0%         N/A       99%         4
 Metabolic Englaciation   Hex/Ice        0%         N/A       100%        5


Dungeon Overview and Level Annotations

Branches:
Dungeon (5/15)
 Temple: D:4-7

Altars:
Cheibriados
Elyvilon
Qazlal
Sif Muna
Trog
Beogh

Annotations:
D:5 Dowan, Duvessa


Innate Abilities, Weirdness & Mutations

You can wield a second weapon in your off-hand.
It takes a long time for you to wield or remove held weapons.
Your first few attacks do less damage.
You cannot equip rings or amulets.


Message History

Duvessa is almost dead.
You hear a shout!
The orc hits you from afar with a +0 trident.
Duvessa hits you with a +1 short sword of draining.
You feel drained.
Unknown command.
Fire: a) +2 sling {Ajinder}
Press: ? - help, Q - select action Shift-Dir - straight line, f/p - Duvessa
Aim: Duvessa, wielding a +1 short sword of draining and wearing a +0 chain mail (almost dead, 76% to hit)
You shoot a sling bullet.
The sling bullet hits Duvessa but does no damage.
Duvessa is almost dead.
You shoot a sling bullet.
The sling bullet hits Duvessa but does no damage.
Duvessa is almost dead.
The orc hits you from afar with a +0 trident!
Duvessa hits you with a +1 short sword of draining.
* * * LOW HITPOINT WARNING * * *
You feel drained.
* * * LOW HITPOINT WARNING * * *
Fire: a) +2 sling {Ajinder}
Press: ? - help, Q - select action Shift-Dir - straight line, f/p - Duvessa
Aim: Duvessa, wielding a +1 short sword of draining and wearing a +0 chain mail (almost dead, 76% to hit)
You shoot a sling bullet. The sling bullet hits Duvessa.
Duvessa is almost dead.
You shoot a sling bullet.
The sling bullet hits Duvessa but does no damage.
Duvessa is almost dead.
The orc hits you from afar with a +0 trident.
* * * LOW HITPOINT WARNING * * *
Duvessa hits you with a +1 short sword of draining!
* * * LOW HITPOINT WARNING * * *
You feel drained.
* * * LOW HITPOINT WARNING * * *
Unknown command.
Unknown command.
Unknown command.
Okay, then.
The orc hits you from afar with a +0 trident.
You die...

...####.........###
#.................##
#####..............# . #
##.............## ##...
#
#..............##...###
#.................e..e.
#...........eo#........
..........รท.e###.......
...........@## .......
............# .......
#......## .....## ##
####### ...o.# .##
.....# ..## ...# ...#
....#


You could see Duvessa, Dowan and an orc.

Vanquished Creatures
  Pikel (D:4)
  Grinder (D:4)
  3 lemures
  4 orc priests
  A sleepcap (D:5)
  An iguana (D:5)
  An orc wizard (D:4)
  3 adders (D:3)
  2 ribbon worms
  3 dart slugs
  15 orcs
  7 ball pythons
  6 endoplasms
  2 giant cockroaches
  5 goblins
  6 jackals (D:1)
  2 quokkas (D:1)
  6 bats
  5 frilled lizards
  5 kobolds
  6 rats
85 creatures vanquished.

Notes
Turn   | Place    | Note
-------+----------+-------------------------------------------
     0 | D:1      | Biggs the Coglin Hunter began the quest for the Orb.
     0 | D:1      | Reached XP level 1. HP: 16/16 MP: 1/1
   102 | D:1      | Reached skill level 4 in Ranged Weapons
   102 | D:1      | Reached XP level 2. HP: 22/22 MP: 2/2
   259 | D:1      | Reached XP level 3. HP: 21/27 MP: 3/3
  1351 | D:3      | Found a roughly hewn altar of Beogh.
  1363 | D:3      | Reached skill level 5 in Ranged Weapons
  1363 | D:3      | Reached XP level 4. HP: 28/33 MP: 4/4
  1471 | D:3      | Found a snail-covered altar of Cheibriados.
  1717 | D:3      | Reached XP level 5. HP: 38/38 MP: 5/5
  1746 | D:3      | Reached skill level 6 in Ranged Weapons
  2131 | D:4      | Found a stormy altar of Qazlal.
  2134 | D:4      | Found a bloodstained altar of Trog.
  2137 | D:4      | Found a white marble altar of Elyvilon.
  2140 | D:4      | Found a shimmering blue altar of Sif Muna.
  2203 | D:4      | Reached XP level 6. HP: 24/44 MP: 6/6
  2448 | D:4      | Noticed Grinder
  2453 | D:4      | Paralysed by Grinder for 4 turns
  2455 | D:4      | HP: 1/44 [Grinder (6)]
  2467 | D:4      | Killed Grinder
  2468 | D:4      | Reached skill level 7 in Ranged Weapons
  2468 | D:4      | Reached XP level 7. HP: 29/50 MP: 7/7
  2899 | D:5      | Entered Level 5 of the Dungeon
  2899 | D:5      | Noticed Pikel
  3122 | D:5      | Noticed Dowan
  3195 | D:4      | Killed Pikel
  3196 | D:4      | Reached skill level 9 in Ranged Weapons
  3196 | D:4      | Reached XP level 8. HP: 6/57 MP: 8/8
  3425 | D:5      | Noticed Duvessa
  3443 | D:5      | HP: 2/51 [Duvessa/+1 short sword of draining (8)]
  3444 | D:5      | Slain by an orc

Illustrated notes

Levels and vault maps discovered:
D:1:      arrival_zaba_pyramid, layout_basic, serial_glass, glass_columns_c,
          glass_columns_a
D:2:      layout_loops_ring
D:3:      kennysheep_big_flooded_room, layout_rooms,
          mainiacjoe_overflow_surrounded_room, kennysheep_orc_chapel
D:4:      layout_basic, grunt_temple_overflow_cloverleaf, uniq_grinder
D:5:      layout_cave_pods, nicolae_overflow_hidden_temple, dk_rats_in_the_wall,
          uniq_blork_the_orc, uniq_pikel, uniq_duvessa

Skill      XL: |  1  2  3  4  5  6  7 |
---------------+----------------------+-----
Ranged Weapons | 4 5 6 7 9 |  9.0
Fighting       | |  2.7
Dodging        | |  1.7
Stealth        | |  0.7

Action                     |  1- 3 |  4- 6 |  7- 9 || total
---------------------------+-------+-------+-------++-------
   Fire: Sling             |   176 |   166 |   122 ||   464
    Use: Potion            |       |     5 |     1 ||     6
 Armour: Leather armour    |    20 |    27 |    32 ||    79
         Skin              |       |     4 |       ||     4
  Dodge: Dodged            |    24 |    23 |    16 ||    63

Table legend: (Time is in decaauts)
 A = Elapsed time spent in this place.
 B = Non-inter-level travel time spent in this place.
 C = Inter-level travel time spent in this place.
 D = Time resting spent in this place.
 E = Time spent auto-exploring this place.
 F = Levels seen in this place.
 G = Mean time per level.
                   A        B        C        D        E       F      G
               +--------+--------+--------+--------+--------+-----+--------+
         Total |   3464 |   3222 |    242 |    252 |   2495 |   5 |  692.8 |
       Dungeon |   3464 |   3222 |    242 |    252 |   2495 |   5 |  692.8 |
               +--------+--------+--------+--------+--------+-----+--------+

Top non-repeatable levels by time:
     D:4: 1370 daAuts
     D:1: 755 daAuts
     D:3: 624 daAuts
     D:2: 537 daAuts
     D:5: 177 daAuts
